 Dungeon Crawl Stone Soup version 0.28.0-45-g0d030f2227 (webtiles) character file.

Game seed: 9047196829956077909

107 issech the Cudgeller (level 4, -6/45 HPs)
             Began as a Troll Monk on Apr 24, 2022.
             Killed from afar by Ijyb (13 damage)
             ... with an iceblast
             ... on level 3 of the Dungeon.
             The game lasted 00:06:35 (2002 turns).

issech the Cudgeller (Troll Monk)                   Turns: 2002, Time: 00:06:36

Health: -6/45      AC:  4    Str: 19    XL:     4   Next: 56%
Magic:  3/3        EV: 10    Int:  6    God:
Gold:   83         SH:  0    Dex: 14    Spells: 3/3 levels left

rFire   . . .      SeeInvis .   a - +0 mace
rCold   . . .      Faith    .   (no shield)
rNeg    . . .      Spirit   .   b - +0 robe
rPois   .          Reflect  .   (helmet restricted)
rElec   .          Harm     .   k - scarf {shadows}
rCorr   .          Rampage  .   (gloves unavailable)
Will    .....                   (boots unavailable)
Stlth   ++........              (no amulet)
HPRegen 0.95/turn               (no ring)
MPRegen 0.08/turn               (no ring)

@: no status effects
A: large, unfitting armour, claws 3, regeneration 1, shaggy fur 1, tough skin 1
a: no special abilities


You were on level 3 of the Dungeon.
You visited 1 branch of the dungeon, and saw 3 of its levels.

You collected 83 gold pieces.

Inventory:

Hand Weapons
 a - a +0 mace (weapon)
 o - the +4 dagger "Eloycieps" {holy, rCorr}
   (You found it on level 3 of the Dungeon)

   It has been blessed by the Shining One to cause great damage to the undead
   and demons.
   rCorr:     It protects you from acid and corrosion.
Missiles
 f - 89 stones (quivered)
 g - 66 arrows
Armour
 b - a +0 robe (worn)
 k - a scarf of shadows (worn)
Scrolls
 c - a scroll of teleportation {unknown}
 d - a scroll of amnesia {unknown}
 j - a scroll of immolation
 n - a scroll of fog {unknown}
Potions
 e - a potion of haste {unknown}
 h - 2 potions of heal wounds {unknown}
 i - a potion of flight {unknown}
 l - a potion of curing {unknown}
 m - a potion of brilliance {unknown}


   Skills:
 + Level 3.0 Fighting
 + Level 3.6 Maces & Flails
 + Level 3.0 Dodging
 + Level 1.3 Stealth


You had 3 spell levels left.
You didn't know any spells.
Your spell library contained the following spells:

 Spells                   Type           Power      Damage    Failure   Level
 Foxfire                  Conj/Fire      0%         2x1d4     45%         1
 Dazzling Flash           Conj/Hex       0%         N/A       83%         3
 Anguish                  Hex/Necr       0%         N/A       99%         4
 Enfeeble                 Hex            0%         N/A       100%        7


Dungeon Overview and Level Annotations

Branches:
Dungeon (3/15)

Altars:

Shops:
D:1 *

Annotations:
D:3 Ijyb


Innate Abilities, Weirdness & Mutations

You are too large for most types of armour.
You have claws for hands.
Your natural rate of healing is unusually fast.
You are covered in fur. (AC +1)
You have tough skin. (AC +1)


Message History

There is an open door here.
Ijyb the Twisted Goblin comes into view.
She is wielding a +0 dagger and carrying a wand of iceblast (8).
Found 26 arrows.
Found 12 gold pieces.
You throw a stone. The stone hits Ijyb but does no damage.
Ijyb shouts!
You hear an angry hiss.
Ijyb screams, "You nasty!
Big nasty!"
Ijyb screams, "Me stronger than you!"
Ijyb zaps a wand.
The mass of ice explodes!
The iceblast engulfs you!
You hear a shout!
You throw a stone. The stone hits Ijyb but does no damage.
You throw a stone. The stone barely misses Ijyb.
Ijyb zaps a wand.
The mass of ice explodes!
The iceblast engulfs you!
You throw a stone. The stone hits Ijyb but does no damage.
Ijyb zaps a wand.
The mass of ice explodes!
The iceblast engulfs you!
You are too injured to fight recklessly!
You are too injured to fight recklessly!
You are too injured to fight recklessly!
Ijyb zaps a wand.
The mass of ice explodes!
The iceblast engulfs you!
* * * LOW HITPOINT WARNING * * *
There is an open door here.
You open the door.
Found a fading dagger.
There is an open door here.
An orc comes into view. It is wielding a +0 club.
Ijyb zaps a wand.
The mass of ice explodes!
The iceblast engulfs you!!
* * * LOW HITPOINT WARNING * * *
You hear an angry hiss.
You hear a shout!
Ijyb screams, "Me very upset!"
Ijyb zaps a wand.
The mass of ice explodes!
The iceblast engulfs you!
* * * LOW HITPOINT WARNING * * *
You see here the +4 dagger "Eloycieps" {holy, rCorr}.
o - the +4 dagger "Eloycieps" {holy, rCorr} The orc hits you but does no damage.
A frilled lizard comes into view.
The frilled lizard hisses angrily.
The orc hits you but does no damage.
Ijyb screams, "It's all mine!"
Ijyb zaps a wand.
The mass of ice explodes!
The iceblast engulfs you!
You die...

.............
..............
...............
...............
.............#
.............#
......@o.....#
.............# ...
.............#....
................#...
.......(........#.# #+#
.......l..........####.###
..............g...#.......
..................#.......
.$.....########...#.......


You could see Ijyb, an orc and a frilled lizard.

Vanquished Creatures
  5 adders
  4 orcs (D:3)
  5 endoplasms
  6 giant cockroaches
  9 goblins
  A hobgoblin (D:1)
  3 jackals (D:1)
  2 quokkas
  7 ball pythons
  3 bats
  4 frilled lizards
  4 kobolds
  2 rats
55 creatures vanquished.

Notes
Turn   | Place    | Note
-------+----------+-------------------------------------------
     0 | D:1      | issech the Troll Monk began the quest for the Orb.
     0 | D:1      | Reached XP level 1. HP: 22/22 MP: 0/0
   241 | D:1      | Reached XP level 2. HP: 29/29 MP: 1/1
   289 | D:1      | Found a faded altar of an unknown god.
   341 | D:1      | Found Humuaquxt's General Store.
   796 | D:1      | Reached XP level 3. HP: 36/36 MP: 2/2
  1321 | D:2      | Reached XP level 4. HP: 39/45 MP: 3/3
  1849 | D:3      | Got the Reference Book on Fire and Beguiling
  1959 | D:3      | Noticed Ijyb
  1996 | D:3      | HP: 1/45 [Ijyb/iceblast (7)]
  1997 | D:3      | Identified the +4 dagger "Eloycieps" {holy, rCorr}
  2002 | D:3      | Killed from afar by Ijyb

Illustrated notes

Levels and vault maps discovered:
D:1:      shiori_shiawase, layout_basic, hellmonk_ecumenical_altar_blasted,
          serial_shops, nicolae_shop_crystal
D:2:      layout_basic, kennysheep_another_room
D:3:      layout_basic, grunt_decor_one_mirror, dk_noncrumbling_4, uniq_ijyb

Skill      XL: |  1  2  3  4 |
---------------+-------------+-----
Maces & Flails | 3 |  3.6
Fighting       | 3 |  3.0
Dodging        | 3 |  3.0
Stealth        | |  1.3

Action                   |  1- 3 |  4- 6 || total
-------------------------+-------+-------++-------
Melee: Mace              |   154 |    59 ||   213
       Punch             |     3 |     2 ||     5
Throw: Stone             |       |     4 ||     4
 Stab: Sleeping          |     4 |       ||     4
Armor: Robe              |    78 |    33 ||   111
Dodge: Dodged            |   108 |    54 ||   162
